 Dungeon Crawl Stone Soup version 0.30-a0-1075-gcd70e7a56d (webtiles) character file.

Game seed: 6328842414411987267

204 BillyBaka the Shooter (level 5, -4/69 HPs)
             Began as a Minotaur Hunter on Apr 14, 2023.
             Succumbed to a kobold brigand's curare-tipped dart
             ... on level 4 of the Dungeon.
             The game lasted 00:09:54 (2389 turns).

BillyBaka the Shooter (Minotaur Hunter)             Turns: 2389, Time: 00:09:55

Health: -4/69      AC:  7    Str: 17    XL:     5   Next: 52%
Magic:  4/4        EV: 11    Int:  6    God:
Gold:   126        SH:  0    Dex: 14    Spells: 4/4 levels left

rFire   . . .      SeeInvis .    w - +0 scimitar (heavy)
rCold   . . .      Faith    .    (no shield)
rNeg    . . .      Spirit   .    b - +0 ring mail
rPois   .          Reflect  .    (helmet restricted)
rElec   .          Rampage  .    g - +0 cloak
rCorr   .                        o - +0 pair of gloves
Will    .....                    (no boots) Stlth
                                 (no amulet)
HPRegen 0.31/turn                (no ring)
MPRegen 0.09/turn                (no ring)

@: berserking, lethally poisoned (-4 -> -41), slowed
A: horns 2, retaliatory headbutt
a: no special abilities


You were on level 4 of the Dungeon.
You visited 1 branch of the dungeon, and saw 4 of its levels.

You collected 126 gold pieces.

Inventory:

Hand Weapons
 w - a +0 heavy scimitar (weapon)
Missiles
 r - 2 throwing nets
Armour
 b - a +0 ring mail (worn)
 g - a +0 cloak (worn)
 o - a +0 pair of gloves (worn)
Jewellery
 a - a ring of flight
Scrolls
 h - a scroll of blinking {unknown}
 i - a scroll of immolation
 j - 2 scrolls of teleportation {unknown}
 k - 2 scrolls of poison {unknown}
 p - a scroll of noise {unknown}
 q - 2 scrolls of identify {unknown}
 s - a scroll of fog {unknown}
 t - a scroll of amnesia {unknown}
 u - a scroll of acquirement {unknown}
Potions
 d - a potion of invisibility {unknown}
 e - a potion of magic
 f - a potion of berserk rage
 l - a potion of heal wounds {unknown}
 m - a potion of attraction {unknown}
 n - a potion of resistance {unknown}
 v - a potion of cancellation {unknown}


   Skills:
 + Level 3.7 Fighting
 * Level 2.1 Long Blades
 - Level 0.7 Maces & Flails
 - Level 5.3 Ranged Weapons
 + Level 3.3 Dodging
 + Level 2.2 Stealth


You had 4 spell levels left.
You didn't know any spells.
Your spell library contained the following spells:

 Spells                   Type           Power      Damage    Failure   Level
 Magic Dart               Conj           0%         1d3       67%         1
 Sting                    Tmut/Pois      0%         1d3       67%         1
 Call Imp                 Summ           0%         N/A       80%         2
 Cigotuvi's Dreadful Rot  Necr/Pois/Air  0%         N/A       80%         2
 Poisonous Vapours        Pois/Air       0%         N/A       80%         2
 Ignite Poison            Fire/Tmut/Pois 0%         N/A       95%         3
 Mephitic Cloud           Conj/Pois/Air  0%         N/A       95%         3
 Olgreb's Toxic Radiance  Pois           0%         N/A       100%        4
 Freezing Cloud           Conj/Ice/Air   0%         6-21      100%        5


Dungeon Overview and Level Annotations

Branches:
Dungeon (4/15)
 Temple: D:4-7

Altars:
The Shining One


Innate Abilities, Weirdness & Mutations

You have a pair of horns on your head.
You reflexively headbutt those who attack you in melee.


Message History

Your Stealth skill increases to level 2!
You have reached level 5!
Found a war axe.
A kobold brigand comes into view.
It is wielding a +0 whip and quivering curare-tipped darts.
The kobold brigand shouts!
A gnoll comes into view. It is wielding a +0 spear.
The gnoll shouts!
A gnoll comes into view. It is wielding a +0 flail.
A gnoll comes into view. It is wielding a +0 whip.
You see here 12 gold pieces.
The kobold brigand throws a curare-tipped dart.
The curare-tipped dart hits you.
You are poisoned.
You have difficulty breathing.
You feel yourself slow down.
You feel very sick.
You feel sick.
The kobold brigand throws a curare-tipped dart.
The curare-tipped dart hits you.
You are more poisoned.
You have difficulty breathing.
You feel as though you will be slow longer.
You feel very sick.
It was a potion of magic.
Magic courses through your body.
You feel very sick.
The kobold brigand throws a curare-tipped dart.
The curare-tipped dart hits you.
You are more poisoned.
You have difficulty breathing.
* * * LOW HITPOINT WARNING * * *
You feel as though you will be slow longer.
The kobold brigand throws a curare-tipped dart.
The curare-tipped dart hits you.
You are more poisoned.
You have difficulty breathing.
* * * LOW HITPOINT WARNING * * *
You feel as though you will be slow longer.
It was a potion of berserk rage.
A red film seems to cover your vision as you go berserk!
You feel yourself moving faster!
You feel mighty!
You die...

#...........#
#.).........#
#...........# #####
#...K...[...# #...#
#......$....# #.#.###
#....g......# #.#....
#...........# #.#....
#...........# ####.##...
........@..#####....##.).
...........#...#.#######.
...........#.#.#.# ##+
.................# #..
............#..### #..
...............# #..
...........###.# #..
#######+### #.# #.. ..#
#..


You could see a kobold brigand and a gnoll.

Vanquished Creatures
  A phantom (D:4)
  A gnoll (D:1)
  2 adders (D:3)
  A shadow imp (D:3)
  3 worms
  3 dart slugs (D:1)
  8 orcs (D:3)
  5 ball pythons
  8 endoplasms
  2 giant cockroaches
  7 goblins
  6 hobgoblins
  6 kobolds
  2 quokkas
  4 bats
  3 frilled lizards
  10 rats
72 creatures vanquished.

Vanquished Creatures (others)
  4 plants (D:1)
4 creatures vanquished.

Grand Total: 76 creatures vanquished

Notes
Turn   | Place    | Note
-------+----------+-------------------------------------------
     0 | D:1      | BillyBaka the Minotaur Hunter began the quest for the Orb.
     0 | D:1      | Reached XP level 1. HP: 18/18 MP: 0/0
    41 | D:1      | Reached skill level 1 in Stealth
    52 | D:1      | Reached XP level 2. HP: 25/25 MP: 1/1
   276 | D:1      | Reached XP level 3. HP: 30/30 MP: 2/2
   348 | D:1      | Reached skill level 5 in Ranged Weapons
   489 | D:1      | Found a faded altar of an unknown god.
  1424 | D:3      | Reached XP level 4. HP: 38/38 MP: 3/3
  1667 | D:3      | Found a glowing golden altar of the Shining One.
  2055 | D:3      | Reached skill level 1 in Long Blades
  2371 | D:4      | Noticed a phantom
  2376 | D:4      | Killed a phantom
  2377 | D:4      | Reached XP level 5. HP: 46/46 MP: 4/4
  2389 | D:4      | Succumbed to a kobold brigand's curare-tipped dart

Illustrated notes

Levels and vault maps discovered:
D:1:      onia_arrival_pentagram, layout_rooms,
          shapermc_ecumenical_altar_ellora, serial_bayou_lagoon_b
D:2:      layout_loops_ring, grunt_ministairs_5
D:3:      layout_basic, overflow_temple_1_default
D:4:      layout_basic, okawaru_altar_gauntlet_db

Skill      XL: |  1  2  3  4 |
---------------+-------------+-----
Stealth        | 1 2 |  2.2
Fighting       | 3 |  3.7
Ranged Weapons | 5 |  5.3
Dodging        | 3 |  3.3
Long Blades    | 2 |  2.1
Maces & Flails | |  0.7

Action                     |  1- 3 |  4- 6 || total
---------------------------+-------+-------++-------
  Melee: Scimitar          |       |    32 ||    32
         Headbutt          |       |     7 ||     7
         Whip              |       |     4 ||     4
         Punch             |       |     1 ||     1
   Fire: Shortbow          |   118 |    28 ||   146
    Use: Potion            |       |     2 ||     2
 Armour: Leather armour    |     9 |     4 ||    13
         Ring mail         |       |    13 ||    13
  Dodge: Dodged            |    20 |    40 ||    60

Table legend: (Time is in decaauts)
 A = Elapsed time spent in this place.
 B = Non-inter-level travel time spent in this place.
 C = Inter-level travel time spent in this place.
 D = Time resting spent in this place.
 E = Time spent auto-exploring this place.
 F = Levels seen in this place.
 G = Mean time per level.
                   A        B        C        D        E       F      G
               +--------+--------+--------+--------+--------+-----+--------+
         Total |   2481 |   2341 |    140 |    193 |   1647 |   4 |  620.2 |
       Dungeon |   2481 |   2341 |    140 |    193 |   1647 |   4 |  620.2 |
               +--------+--------+--------+--------+--------+-----+--------+

Top non-repeatable levels by time:
     D:3: 886 daAuts
     D:2: 782 daAuts
     D:1: 656 daAuts
     D:4: 154 daAuts
